 Dungeon Crawl Stone Soup version 0.17-a0-435-gc4df345 (webtiles) character file.

163 Hanyuu the Covered (level 5, 0/33 HPs)
             Began as a Gargoyle Fighter on Apr 4, 2015.
             Slain by a gnoll
             ... wielding a +0 spear
              (5 damage)
             ... on level 4 of the Dungeon.
             The game lasted 00:08:09 (2378 turns).

Hanyuu the Covered (Gargoyle Fighter)               Turns: 2378, Time: 00:08:09

Health: 0/33       AC: 12    Str: 21    XL:     5   Next: 44%
Magic:  5/5        EV:  8    Int:  8    God:
Gold:   137        SH:  9    Dex:  9    Spells: 0 memorised, 5 levels left

rFire  . . .     SeeInvis .     w - -3 whip (curse)
rCold  . . .     Clarity  .     y - +3 ring mail
rNeg   + . .     SustAb   .     c - +0 shield
rPois  ∞         Gourm    .     (no helmet)
rElec  +         Spirit   .     (no cloak)
rCorr  .         Warding  .     (no gloves)
rMut   .         Stasis   .     (no boots)
MR     .....                    (no amulet)
Stlth  ..........               (no ring)
                                (no ring)

@: not resistant to hostile enchantments, extremely unstealthy
A: negative energy resistance 1, electricity resistance, unbreathing,
petrification resistance, rot immunity, AC +4
a: no special abilities


You were on level 4 of the Dungeon.
You were not hungry.

You visited 1 branch of the dungeon, and saw 4 of its levels.

You collected 137 gold pieces.

Inventory:

Hand weapons
 a - a +0 flail
 g - a +3 dagger of venom
 q - a +0 club
 u - a +0 club
 w - a cursed -3 whip (weapon)
 A - a +1 flail of venom
Missiles
 m - 3 curare-tipped needles
 p - a throwing net (quivered)
Armour
 b - a +0 scale mail
 c - a +0 shield (worn)
 y - a +3 ring mail (worn)
Magical staves
 v - an uncursed staff of air {unknown}
Jewellery
 f - an uncursed ring of teleportation
Scrolls
 n - a scroll of identify
 s - a scroll of teleportation
Potions
 e - a potion of might
 h - a potion of curing
 j - a potion of heal wounds {unknown}
 k - a potion of flight {unknown}
 r - a potion of berserk rage {unknown}
 t - a potion of brilliance {unknown}
Comestibles
 d - 3 bread rations
 i - a beef jerky
 l - a slice of pizza
 o - 3 meat rations
 x - 4 fruits


   Skills:
 + Level 4.2 Fighting
 * Level 4.0 Maces & Flails
 + Level 4.3 Armour
 - Level 3.2 Shields
 + Level 0.5 Spellcasting


You had 5 spell levels left.
You didn't know any spells.

Dungeon Overview and Level Annotations

Branches:
Dungeon (4/15)
 Temple: D:4-7

Altars:
Qazlal
Ru


Innate Abilities, Weirdness & Mutations

You are resistant to torment.
Your stone body is resilient (AC +4).
You are immune to poison.
You resist negative energy.
You are resistant to electric shocks.
You can survive without breathing.
You are immune to petrification.
You are immune to rotting.


Message History

The gnoll hits you but does no damage.
You closely miss the gnoll.
The gnoll is moderately wounded.
You block the gnoll's attack.
You hit the gnoll.
The gnoll is heavily wounded.
You block the gnoll's attack.
You closely miss the gnoll.
The gnoll is heavily wounded.
The gnoll hits you but does no damage.
You hit the gnoll but do no damage.
The gnoll is heavily wounded.
The gnoll misses you.
You hit the gnoll but do no damage.
The gnoll is heavily wounded.
The gnoll hits you but does no damage.
You hit the gnoll.
The gnoll is heavily wounded.
The gnoll hits you with a spear.
You die...

##########.# #.# #.#
## #.# .. #.# .# #.#
.# #.# .#
#.###########.##.####
#......@g...........#
#############.#.#####
.# .# #.# # #.# .#
#####.###.#
..........>######
...(...O<.......#


You could see a gnoll.

Vanquished Creatures
  8 gnolls
  4 adders
  A worm (D:3)
  3 giant geckos
  2 orcs (D:3)
  2 giant cockroaches
  6 hobgoblins
  2 bats
  4 giant newts
  6 goblins
  3 jackals (D:3)
  6 kobolds
  2 rats
49 creatures vanquished.

Notes
Turn   | Place    | Note
--------------------------------------------------------------
     0 | D:1      | Hanyuu, the Gargoyle Fighter, began the quest for the Orb.
     0 | D:1      | Reached XP level 1. HP: 14/14 MP: 1/1
   198 | D:1      | Reached XP level 2. HP: 19/19 MP: 2/2
   697 | D:2      | Found a sacrificial altar of Ru.
   848 | D:2      | Reached XP level 3. HP: 19/23 MP: 3/3
  1079 | D:2      | Became a worshipper of Ru the Awakened
  1235 | D:2      | Reached skill level 4 in Armour
  1242 | D:2      | Reached XP level 4. HP: 24/29 MP: 4/4
  1313 | D:3      | Found a stormy altar of Qazlal.
  1440 | D:3      | Fell from the grace of Ru
  1957 | D:3      | Reached XP level 5. HP: 21/33 MP: 5/5
  2159 | D:4      | Noticed an ogre
  2378 | D:4      | Slain by a gnoll

Action                   |  1- 3 |  4- 6 || total
-------------------------+-------+-------++-------
Melee: Flail             |   109 |    61 ||   170
       Whip              |       |   162 ||   162
Invok: Renounce Religion |       |     1 ||     1
  Use: Scroll            |     2 |     2 ||     4
  Eat: Chunk             |       |     5 ||     5
